 Dungeon Crawl Stone Soup version 0.20-a0-672-gd6c3c51 (webtiles) character file.

382 KristoblXynda the Conjurer (level 6, -8/67 HPs)
             Began as a Draconian Conjurer on Feb 17, 2017.
             Mangled by kal9871's ghost (10 damage)
             ... on level 4 of the Dungeon.
             The game lasted 00:11:32 (4681 turns).

KristoblXynda the Conjurer (Draconian Conjurer)     Turns: 4681, Time: 00:11:33

Health: -8/67      AC:  7    Str: 16    XL:     6   Next: 47%
Magic:  12/12      EV: 12    Int: 22    God:
Gold:   87         SH:  0    Dex: 11    Spells: 5/13 levels left

rFire    . . .     SeeInvis .     - Unarmed
rCold    . . .     Gourm    .   (armour unavailable)
rNeg     . . .     Faith    .   (no shield)
rPois    .         Spirit   .   j - +1 hat
rElec    .         Reflect  .   (no cloak)
rCorr    .         Harm     .   (no gloves)
MR       .....                  (no boots)
Stlth    ..........             (no amulet)
Regen    0.3/turn               (no ring)
MPRegen  0.2/turn               (no ring)

@: mighty, brilliant, berserking, flying, very slightly contaminated, invisible,
very quick
A: unfitting armour, cold-blooded, AC +6
a: no special abilities


You were on level 4 of the Dungeon.
You were not hungry.

You visited 1 branch of the dungeon, and saw 4 of its levels.

You collected 87 gold pieces.

Inventory:

Armour
 j - a +1 hat (worn)
Scrolls
 k - 4 scrolls of remove curse
 r - a scroll of blinking
Potions
 d - a potion of agility {unknown}
 f - a potion of mutation
 g - a potion of heal wounds {unknown}
 h - a potion of curing {unknown}
 i - a potion of might
 o - a potion of degeneration {unknown}
Books
 a - a book of Conjurations

   Spells                             Type                      Level
   a - Magic Dart                     Conjuration                  1
   b - Searing Ray                    Conjuration                  2
   c - Dazzling Spray                 Conjuration/Hexes            3
   d - Fulminant Prism                Conjuration/Hexes            4
   e - Force Lance                    Conjuration/Translocation    4
   f - Iskenderun's Mystic Blast      Conjuration                  4
Comestibles
 b - 4 bread rations
 l - 2 meat rations
 n - 4 royal jellies


   Skills:
 - Level 1.7 Dodging
 - Level 1.7 Stealth
 + Level 3.2 Unarmed Combat
 - Level 4.0 Spellcasting
 + Level 5.6 Conjurations
 + Level 0.6 Translocations


You had 5 spell levels left.
You knew the following spells:

 Your Spells              Type           Power        Failure   Level  Hunger
a - Magic Dart            Conj           ####         1%          1    None
b - Dazzling Spray        Conj/Hex       ####..       1%          3    ###....
c - Force Lance           Conj/Tloc      ####....     4%          4    ####...


Dungeon Overview and Level Annotations

Branches:
Dungeon (4/15)
 Temple: D:4-7

Altars:

Annotations:
D:4 kal9871's ghost, amateur CeHu


Innate Abilities, Weirdness & Mutations

Your plain brown scales are hard. (AC +6)
You cannot fit into any form of body armour.
You are cold-blooded and may be slowed by cold attacks.


Message History

You hit kal9871's ghost.
Kal9871's ghost is moderately damaged.
Kal9871's ghost hits you.
* * * LOW HITPOINT WARNING * * *
You hit kal9871's ghost.
Kal9871's ghost is heavily damaged.
You punch kal9871's ghost!
Kal9871's ghost is severely damaged.
Kal9871's ghost hits you!
* * * LOW HITPOINT WARNING * * *
You completely miss kal9871's ghost.
Kal9871's ghost is severely damaged.
Kal9871's ghost closely misses you.
You barely miss kal9871's ghost.
Kal9871's ghost is severely damaged.
You closely miss kal9871's ghost.
Kal9871's ghost is severely damaged.
Kal9871's ghost shrieks, "You will never get the ORB!"
Kal9871's ghost hits you!
You die...

#..# ##.#.# #.# #.
#..# #.#.# #.# #.
#..# #.#.# #.# #.
#..# #.#.# #.# #.
#..######.#.####.###.
#.......#.#..........
#..####..........###.
#..W#####.######## #.
#..#@.........# #.
#######W###.###.###.#
#. #......(.#......#
#.# #.
#.#####.#..###### #.#
#. #.# #.#..##### #.#
#[ ####.#
#........####.######.
#.##.#
###..###.............
#.##W#
#..########.######.
#.##.#
#.................#


You could see kal9871's ghost.

Vanquished Creatures
  An orc warrior (D:3)
  A howler monkey (D:4)
  An orc priest (D:3)
  Robin (D:3)
  4 adders
  3 gnolls (D:2)
  5 oozes
  4 worms (D:2)
  5 dart slugs
  4 leopard geckos
  An orc (D:3)
  5 giant cockroaches
  25 goblins
  7 hobgoblins
  5 jackals
  A quokka (D:4)
  A ball python (D:2)
  10 bats
  6 frilled lizards
  6 kobolds
  5 rats
101 creatures vanquished.

Notes
Turn   | Place    | Note
-------+----------+-------------------------------------------
     0 | D:1      | KristoblXynda the Draconian Conjurer began the quest for the Orb.
     0 | D:1      | Reached XP level 1. HP: 14/14 MP: 3/3
   422 | D:1      | Reached XP level 2. HP: 20/20 MP: 3/5
   849 | D:1      | Reached skill level 1 in Unarmed Combat
  1021 | D:1      | Reached XP level 3. HP: 26/26 MP: 6/6
  1311 | D:1      | Learned a level 3 spell: Dazzling Spray
  1590 | D:2      | Reached XP level 4. HP: 31/33 MP: 0/8
  3279 | D:3      | Reached XP level 5. HP: 38/38 MP: 5/10
  3284 | D:3      | Noticed Robin
  3288 | D:3      | Killed Robin
  3539 | D:3      | Noticed an orc warrior
  3632 | D:3      | Killed an orc warrior
  3632 | D:3      | Reached skill level 5 in Conjurations
  3633 | D:3      | Reached XP level 6. HP: 19/45 MP: 4/11
  4302 | D:3      | Learned a level 4 spell: Force Lance
  4462 | D:4      | Noticed kal9871's ghost (amateur CeHu)
  4678 | D:4      | HP: 1/67 [kal9871's ghost (13)]
  4681 | D:4      | Mangled by kal9871's ghost

Vault maps used:
D:1:      shiori_shiawase
D:2:      nrook_mini_backslash
D:3:      first_bread, uniq_robin
D:4:      minmay_temple_entry_enclosed_plants, serial_shops, shop

Skill      XL: |  1  2  3  4  5  6 |
---------------+-------------------+-----
Unarmed Combat | 1 2 3 |  3.2
Spellcasting   | 3 4 |  4.0
Conjurations   | 5 |  5.6
Dodging        | |  1.7
Stealth        | |  1.7
Translocations | |  0.6

Action                   |  1- 3 |  4- 6 || total
-------------------------+-------+-------++-------
Melee: Unarmed           |   115 |   231 ||   346
       Tailslap          |     9 |    19 ||    28
       Punch             |       |     1 ||     1
 Cast: Magic Dart        |    43 |    67 ||   110
       Dazzling Spray    |       |     3 ||     3
  Use: Scroll            |       |    11 ||    11
       Potion            |       |     6 ||     6
 Stab: Sleeping          |     1 |     2 ||     3
       Invisible         |       |     1 ||     1
  Eat: Chunk             |     3 |     7 ||    10
       Fruit             |       |     3 ||     3
Armor: Skin              |    36 |   103 ||   139
Dodge: Dodged            |    75 |   167 ||   242
